 Dungeon Crawl Stone Soup version 0.30.1-4-g462c640d31 (webtiles) character file.

Game seed: 16076480037293506322

744 Anandil the Trooper (level 7, 0/55 HPs)
             Began as a Demonspawn Fighter on Aug 11, 2023.
             Was a Believer of Okawaru.
             Succumbed to a water moccasin's poison
             ... on level 5 of the Dungeon.
             The game lasted 00:06:08 (3561 turns).

Anandil the Trooper (Demonspawn Fighter)            Turns: 3561, Time: 00:06:09

Health: 0/55       AC: 13    Str: 18    XL:     7   Next: 47%
Magic:  8/8        EV:  7    Int:  9    God:    Okawaru [**....]
Gold:   174        SH:  5    Dex: 13    Spells: 6/6 levels left

rFire   . . .        a - +0 trident
rCold   . . .        c - +0 buckler
rNeg    . . .        n - +0 chain mail
rPois   .            t - +0 helmet
rElec   .            (no cloak)
rCorr   .            (no gloves)
SInv    .            (no boots)
Will    .....        j - amulet of the acrobat Stlth
                     (no ring)
HPRegen 0.29/turn    (no ring)
MPRegen 0.22/turn

%: acrobat
@: lethally poisoned (0 -> -19), attractive
A: magic regeneration, sharp scales 3
a: Renounce Religion, Heroism


You were on level 5 of the Dungeon.
You worshipped Okawaru.
Okawaru was pleased with you.
You visited 1 branch of the dungeon, and saw 5 of its levels.

You collected 174 gold pieces.

Inventory:

Hand Weapons
 a - a +0 trident (weapon)
Missiles
 k - 27 poisoned darts (quivered)
 o - 6 datura-tipped darts
Armour
 c - a +0 buckler (worn)
 n - a +0 chain mail (worn)
 t - a +0 helmet (worn)
Jewellery
 j - an amulet of the acrobat (around neck)
Wands
 p - a wand of flame (13)
 A - a wand of charming (8)
 B - a wand of iceblast (8)
Scrolls
 b - 2 scrolls of silence {unknown}
 g - 2 scrolls of amnesia {unknown}
 h - 2 scrolls of blinking {unknown}
 m - a scroll of immolation {unknown}
 q - 2 scrolls of magic mapping {unknown}
 r - a scroll of teleportation {unknown}
 s - 6 scrolls of identify {unknown}
 u - a scroll of brand weapon {unknown}
 v - a scroll of poison {unknown}
 y - a scroll of vulnerability {unknown}
 z - a scroll of noise {unknown}
Potions
 d - a potion of ambrosia {unknown}
 e - a potion of lignification {unknown}
 i - a potion of attraction
 l - 2 potions of flight {unknown}
 w - a potion of heal wounds {unknown}
 x - a potion of magic {unknown}
 C - a potion of berserk rage {unknown}


   Skills:
 + Level 4.8 Fighting
 + Level 3.8 Polearms
 + Level 2.9 Throwing
 + Level 4.3 Armour
 - Level 4.0 Shields
 + Level 1.6 Invocations


You had 6 spell levels left.
You didn't know any spells.
Your spell library contained the following spells:

 Spells                   Type           Power      Damage    Failure   Level
 Sandblast                Erth           0%         2d4       99%         1
 Sting                    Tmut/Pois      0%         1d3       99%         1
 Lesser Beckoning         Tloc           0%         N/A       100%        2
 Passwall                 Tmut/Erth      0%         N/A       100%        2
 Static Discharge         Conj/Air       0%         2-2/arc   100%        2
 Gell's Gravitas          Tloc           0%         N/A       100%        3
 Stone Arrow              Conj/Erth      0%         3d7       100%        3
 Teleport Other           Tloc           0%         N/A       100%        3
 Airstrike                Air            0%         2d(0-16)  100%        4
 Orb of Destruction       Conj           0%         9d5       100%        7
 Summon Guardian Golem    Hex/Summ       Unusable   N/A       N/A         3
 Summon Ice Beast         Ice/Summ       Unusable   N/A       N/A         4
 Summon Lightning Spire   Summ/Air       Unusable   N/A       N/A         4
 Summon Mana Viper        Hex/Summ       Unusable   N/A       N/A         5
 Malign Gateway           Summ/Tloc      Unusable   N/A       N/A         7
 Monstrous Menagerie      Summ           Unusable   N/A       N/A         7
 Spellforged Servitor     Conj/Summ      Unusable   N/A       N/A         7
 Summon Horrible Things   Summ           Unusable   N/A       N/A         8

Dungeon Overview and Level Annotations

Branches:
Dungeon (5/15)
 Temple: D:4-7

Altars:
Hepliaklqana
Okawaru


Innate Abilities, Weirdness & Mutations

You regenerate magic rapidly.
You are completely covered in razor-sharp scales. (AC +3, Slay +3)


Message History

You closely miss the water moccasin.
You feel extremely sick. The water moccasin barely misses you.
You hit the water moccasin.
The water moccasin is lightly wounded.
You feel very sick. The water moccasin barely misses you.
You block the water moccasin's attack.
You puncture the water moccasin!
The water moccasin is heavily wounded.
You feel very sick. The water moccasin bites you.
You are more poisoned.
The water moccasin poisons you! You block the water moccasin's attack.
You are too injured to fight recklessly!
You barely miss the water moccasin.
The water moccasin is heavily wounded.
You feel very sick. The water moccasin closely misses you.
You hit the water moccasin.
The water moccasin is severely wounded.
You feel very sick. The water moccasin barely misses you.
The water moccasin bites you but does no damage.
You hit the water moccasin.
The water moccasin is severely wounded.
You feel very sick.
The water moccasin bites you but does no damage.
The water moccasin bites you.
* * * LOW HITPOINT WARNING * * *
You are lethally poisoned!
The water moccasin poisons you!
You barely miss the water moccasin.
The water moccasin is severely wounded.
* * * LOW HITPOINT WARNING * * *
You feel extremely sick.
The water moccasin bites you but does no damage.
Unknown command.
It was a potion of attraction.
You feel attractive to monsters.
You die...

....#......#
...........#
######............+
.......###........##
.......#............
.......#.........#
.....###.........#
.....+...........#
.....#####.#+#'#@#
.<...........#.#.S......
.............#+######.##
.................
...#..)...........
.....<............
##...)............
#................
#..............##


You could see a water moccasin.

Vanquished Creatures
  Eustachio (D:4)
  2 black bears (D:4)
  2 ogres
  A scorpion (D:4)
  A sleepcap (D:4)
  A gnoll (D:4)
  3 adders
  A worm (D:4)
  2 dart slugs
  11 orcs
  6 bats
  5 endoplasms
  2 giant cockroaches
  11 hobgoblins
  4 jackals (D:1)
  3 quokkas
  6 ball pythons
  4 frilled lizards
  14 goblins
  20 kobolds
  6 rats
106 creatures vanquished.

Notes
Turn   | Place    | Note
-------+----------+-------------------------------------------
     0 | D:1      | Anandil the Demonspawn Fighter began the quest for the Orb.
     0 | D:1      | Reached XP level 1. HP: 18/18 MP: 1/1
    43 | D:1      | Gained mutation: You are partially covered in razor-sharp
                  | scales. (AC +1, Slay +1) [demonic ancestry]
    43 | D:1      | Reached XP level 2. HP: 18/24 MP: 2/2
   463 | D:1      | Reached XP level 3. HP: 29/29 MP: 3/3
  1504 | D:3      | Found a faded altar of an unknown god.
  1510 | D:3      | Gained mutation: You regenerate magic rapidly. [demonic
                  | ancestry]
  1510 | D:3      | Reached XP level 4. HP: 28/35 MP: 4/4
  1553 | D:3      | Got Plato's Lectures on Impure Transmogrification
  1655 | D:3      | Found an iron altar of Okawaru.
  1656 | D:3      | Found a hazy altar of Hepliaklqana.
  1907 | D:3      | Became a worshipper of Warmaster Okawaru
  2028 | D:4      | Noticed a black bear
  2033 | D:4      | Noticed an ogre
  2040 | D:4      | Noticed Eustachio
  2044 | D:4      | Killed a black bear
  2045 | D:4      | Reached skill level 1 in Throwing
  2045 | D:4      | Gained mutation: You are mostly covered in razor-sharp
                  | scales. (AC +2, Slay +2) [demonic ancestry]
  2045 | D:4      | Reached XP level 5. HP: 16/42 MP: 5/5
  2047 | D:4      | Killed an ogre
  2047 | D:4      | Reached * piety under Okawaru
  2059 | D:4      | Gained mutation: You are completely covered in razor-sharp
                  | scales. (AC +3, Slay +3) [demonic ancestry]
  2059 | D:4      | Reached XP level 6. HP: 22/48 MP: 6/6
  2272 | D:4      | Killed Eustachio
  2665 | D:4      | Identified the +0 ring mail of Repulsion {rC+}
  2685 | D:4      | Reached ** piety under Okawaru
  2686 | D:4      | Reached XP level 7. HP: 22/55 MP: 7/7
  3187 | D:4      | Reached skill level 1 in Invocations
  3366 | D:5      | Entered Level 5 of the Dungeon
  3561 | D:5      | Succumbed to a water moccasin's poison

Illustrated notes

Levels and vault maps discovered:
D:1:      scummos_arrival_simple_crosswalls, layout_loops_ring
D:2:      layout_basic
D:3:      minmay_skewed_foursquare, layout_rooms, grunt_temple_overflow_open,
          shapermc_ecumenical_altar_rom_forum
D:4:      corexii_shantytown, layout_basic, uniq_eustachio
D:5:      layout_basic

Skill      XL: |  1  2  3  4  5  6  7 |
---------------+----------------------+-----
Polearms       | 2 3 |  3.8
Armour         | 3 4 |  4.3
Shields        | 3 4 |  4.0
Throwing       | 1 2 |  2.9
Fighting       | 4 |  4.8
Invocations    | 1 |  1.6

Action                     |  1- 3 |  4- 6 |  7- 9 || total
---------------------------+-------+-------+-------++-------
  Melee: Trident           |   150 |   158 |    45 ||   353
    Use: Potion            |       |     3 |     2 ||     5
 Armour: Scale mail        |    28 |       |       ||    28
         Chain mail        |    43 |   183 |    28 ||   254
  Dodge: Dodged            |    57 |   145 |    15 ||   217
  Block: Buckler           |    30 |    63 |     7 ||   100
